 Dungeon Crawl Stone Soup version 0.31.0-9-g3a7656b989 (webtiles) character file.

Game seed: 7720626909650341808

54 qw the Shooter (level 3, -1/20 HPs)
             Began as a Deep Elf Hunter on Feb 2, 2024.
             Incinerated by a bombardier beetle (5 damage)
             ... with a burning spray
             ... on level 3 of the Dungeon.
             The game lasted 00:00:05 (1304 turns).

qw the Shooter (Deep Elf Hunter)                    Turns: 1304, Time: 00:00:05

Health: -1/20      AC: 10    Str: 10    XL:     3   Next: 66%
Magic:  5/5        EV: 11    Int: 13    God:
Gold:   78         SH:  0    Dex: 18    Spells: 2/2 levels left

rFire   . . .        a - +0 shortbow
rCold   . . .        (shield currently unavailable)
rNeg    . . .        g - +0 ring mail
rPois   .            (no helmet)
rElec   .            h - +0 cloak
rCorr   .            (no gloves)
SInv    .            (no boots)
Will    .....        (no amulet)
Stlth   +            i - +4 ring of protection
HPRegen 0.23/turn    (no ring)
MPRegen 0.09/turn

%: no passive effects
@: on fire, glowing
A: no striking features
a: no special abilities


You were on level 3 of the Dungeon.
You visited 1 branch of the dungeon, and saw 3 of its levels.

You collected 143 gold pieces.
You spent 65 gold pieces at shops.


   Skills:
 - Level 1.5 Fighting
 + Level 7.2 Ranged Weapons
 - Level 2.4 Dodging
 - Level 1.2 Stealth


You had 2 spell levels left.
You didn't know any spells.
Your spell library was empty.

Inventory:

Hand Weapons
 a - a +0 shortbow (weapon)
Armour
 g - a +0 ring mail (worn)
 h - a +0 cloak (worn)
Jewellery
 i - a +4 ring of protection (left hand)
Scrolls
 j - a scroll of teleportation
Potions
 e - a potion of enlightenment
 f - a potion of curing

Dungeon Overview and Level Annotations

Branches:
Dungeon (3/15)

Altars:
Fedhas

Shops:
D:2 (!!


Message History

You shoot an arrow. The arrow hits the ball python!
You kill the ball python!
Found a hand axe.
You now have enough gold to buy a potion of curing on D:2.
You can access your shopping list by pressing '$'.
You now have 46 gold pieces (gained 7).
You now have 63 gold pieces (gained 17).
Found a blossoming altar of Fedhas.
Found 3 stones.
You now have enough gold to buy a potion of heal wounds on D:2, or buy a potion of heal wounds on D:2.
You can access your shopping list by pressing '$'.
You now have 78 gold pieces (gained 15).
A bombardier beetle comes into view.
You shoot an arrow. The arrow hits the bombardier beetle!
The bombardier beetle is heavily wounded.
You shoot an arrow. The arrow hits the bombardier beetle.
The bombardier beetle is severely wounded.
You shoot an arrow.
The arrow closely misses the bombardier beetle.
The bombardier beetle sprays incendiary fluid at you.
The burning spray misses you.
You shoot an arrow. The arrow hits the bombardier beetle.
The bombardier beetle is severely wounded.
The bombardier beetle sprays incendiary fluid at you.
The burning spray hits you.
You are covered in liquid fire!
You shoot an arrow.
The arrow hits the bombardier beetle but does no damage.
The bombardier beetle is severely wounded.
The liquid fire burns you!
1301 ||| FLEEEEING.
You shake off some of the fire as you move.
The liquid fire burns you!
You are on fire!
The liquid fire burns you!
You are on fire!
The liquid fire burns you!
You are on fire!
The liquid fire burns you!
You die...

.#.# .... #B#.#
..... .#.#.#
###### ###......
8(..#
#.......#####...#
#.########...._.#
#.@........##...#
#......##..#8...#
######.##..######
#.##### ## #.#
..) #.# ...#.#.#
#.. ...#.#.# #.#
...#.#.#


There were no monsters in sight!

Vanquished Creatures
  A dart slug (D:1)
  4 bats
  6 endoplasms
  7 giant cockroaches
  5 goblins
  5 quokkas
  6 ball pythons
  3 frilled lizards
  3 kobolds (D:1)
  7 rats
47 creatures vanquished.

Notes
Turn   | Place    | Note
-------+----------+-------------------------------------------
     0 | D:1      | qw the Deep Elf Hunter began the quest for the Orb.
     0 | D:1      | Reached XP level 1. HP: 12/12 MP: 3/3
     0 | D:1      | 0 ||| qw: Version: 0.3-a-155-g5e7d8dd
     0 | D:1      | 0 ||| qw: Game counter: 759
     0 | D:1      | 0 ||| qw: Melee chars always use a shield: true
     0 | D:1      | 0 ||| qw: God list: Okawaru
     0 | D:1      | 0 ||| qw: Allow faded altars: false
     0 | D:1      | 0 ||| qw: Do Orc after clearing Dungeon:15 true
     0 | D:1      | 0 ||| qw: Do second Lair branch before Depths: true
     0 | D:1      | 0 ||| qw: Lair rune preference: random
     0 | D:1      | 0 ||| qw: Goals: Normal
     0 | D:1      | 0 ||| PLANNING D:1-11
   127 | D:1      | Reached XP level 2. HP: 16/16 MP: 4/4
   153 | D:1      | Reached skill level 6 in Ranged Weapons
   559 | D:1      | 559 ||| UPGRADING to +0 ring mail.
   569 | D:1      | 569 ||| DROPPING +0 leather armour.
   570 | D:1      | 570 ||| READING scroll labelled YRCHEN YB ORIP.
   571 | D:1      | 571 ||| READING scroll labelled FEOMNU TOREQUA.
   572 | D:1      | 572 ||| READING scroll labelled YFRIAG KOAGUOR.
   576 | D:1      | 576 ||| DROPPING scroll of butterflies.
   619 | D:2      | Reached XP level 3. HP: 20/20 MP: 5/5
   724 | D:2      | Found Cuizacvi's Distillery.
   731 | D:2      | 731 ||| SHOPLISTING 2 potions of cancellation (208 gold,
                  | have 81).
   731 | D:2      | 731 ||| SHOPLISTING 2 potions of mutation (208 gold, have
                  | 81).
   731 | D:2      | 731 ||| SHOPLISTING potion of cancellation (104 gold, have
                  | 81).
   731 | D:2      | 731 ||| BUYING potion of enlightenment (65 gold).
   731 | D:2      | Bought a potion of enlightenment for 65 gold pieces
   731 | D:2      | 731 ||| SHOPLISTING potion of heal wounds (65 gold, have
                  | 16).
   731 | D:2      | 731 ||| SHOPLISTING potion of resistance (130 gold, have
                  | 16).
   744 | D:2      | Found Xilles's Weapon Emporium.
   865 | D:2      | Reached skill level 7 in Ranged Weapons
  1087 | D:2      | Found Ront's Distillery.
  1092 | D:2      | 1092 ||| SHOPLISTING potion of curing (42 gold, have 39).
  1092 | D:2      | 1092 ||| SHOPLISTING potion of heal wounds (70 gold, have
                  | 39).
  1092 | D:2      | 1092 ||| SHOPLISTING potion of resistance (140 gold, have
                  | 39).
  1134 | D:2      | 1134 ||| UPGRADING to +0 cloak.
  1139 | D:2      | 1139 ||| UPGRADING to +4 ring of protection.
  1140 | D:2      | 1140 ||| READING scroll labelled QYFUPNIYKU.
  1141 | D:2      | 1141 ||| READING 2 scrolls labelled IXUCZE UJ SOC.
  1142 | D:2      | 1142 ||| DRINKING 3 clear potions.
  1143 | D:2      | 1143 ||| DRINKING 2 yellow potions.
  1144 | D:2      | 1144 ||| DROPPING 2 potions of magic.
  1145 | D:2      | 1145 ||| DROPPING scroll of blinking.
  1147 | D:2      | 1147 ||| Stepping ~*~*~tactically~*~*~ (cloud).
  1151 | D:2      | HP: 5/20 [poisoned by you (poison gas)]
  1269 | D:3      | Found a blossoming altar of Fedhas.
  1301 | D:3      | 1301 ||| FLEEEEING.
  1303 | D:3      | HP: 4/20 [burnt (5)]
  1304 | D:3      | Incinerated by a bombardier beetle

Levels and vault maps discovered:
D:1:      nicolae_arrival_washed_ashore, layout_loops_ring
D:2:      layout_basic, serial_shops, nicolae_shop_advertising_works
          [nicolae_subvault_shop_adworks], nicolae_shop_just_a_little_nook,
          shop, minmay_worlds_worst_comb
D:3:      layout_loops_ring, mainiacjoe_overflow_alcove_2,
          serial_co_window_serial, co_window_of_opportunity_a,
          co_window_paths_a, co_window_of_opportunity_a, co_window_paths_a,
          co_window_paths_a, co_window_broadway_b, co_window_corner_b,
          co_window_broadway_c, co_window_2corner, co_window_4corner_a,
          co_window_4corner_b, glass_columns_a, glass_columns_b,
          glass_columns_a, glass_columns_a, glass_columns_a,
          basic_ecumenical_altar

Skill      XL: |  1  2  3 |
---------------+----------+-----
Ranged Weapons | 6 7 |  7.2
Fighting       | |  1.5
Dodging        | |  2.4
Stealth        | |  1.2

Action                     || total
---------------------------++-------
   Fire: Shortbow          ||   110
    Use: Scroll            ||     5
         Potion            ||     2
 Armour: Leather armour    ||     2
         Ring mail         ||    17
  Dodge: Dodged            ||    18

Table legend:
 A = Non-vault XP
 B = Vault XP
 C = Vault XP percentage of total XP
 D = Non-vault monster count
 E = Vault monster count
 F = Vault count percentage of total count
                 A         B        C        D         E       F
            +---------+---------+-------+---------+---------+-------
      Total |      70 |       8 |  10.3 |      43 |       4 |   8.5
            +---------+---------+-------+---------+---------+-------
        D:1 |      37 |       0 |   0.0 |      23 |       0 |   0.0
        D:2 |      32 |       8 |  20.0 |      19 |       4 |  17.4
        D:3 |       1 |       0 |   0.0 |       1 |       0 |   0.0
            +---------+---------+-------+---------+---------+-------
